 Dungeon Crawl Stone Soup version 0.29-a0-294-g83ea962da3 (webtiles) character file.

Game seed: 1946267346272764542

21 gruber the Shooter (level 2, -2/25 HPs)
             Began as a Minotaur Hunter on Mar 18, 2022.
             Slain by Terence
             ... wielding a +0 mace
              (3 damage)
             ... on level 1 of the Dungeon.
             The game lasted 00:00:26 (895 turns).

gruber the Shooter (Minotaur Hunter)                 Turns: 895, Time: 00:00:27

Health: -2/25      AC:  3    Str: 15    XL:     2   Next: 62%
Magic:  1/1        EV: 12    Int:  6    God:
Gold:   50         SH:  0    Dex: 13    Spells: 1/1 levels left

rFire   . . .      SeeInvis .   a - +1 shortbow
rCold   . . .      Faith    .   (shield currently unavailable)
rNeg    . . .      Spirit   .   b - +0 leather armour
rPois   .          Reflect  .   (helmet restricted)
rElec   .          Harm     .   (no cloak)
rCorr   .          Rampage  .   (no gloves)
Will    .....                   (no boots)
Stlth   +.........              (no amulet)
HPRegen 0.08/turn               (no ring)
MPRegen 0.07/turn               (no ring)

@: no status effects
A: horns 2, retaliatory headbutt
a: no special abilities


You were on level 1 of the Dungeon.
You visited 1 branch of the dungeon, and saw 2 of its levels.

You collected 50 gold pieces.

Inventory:

Hand Weapons
 a - a +1 shortbow (weapon)
Armour
 b - a +0 leather armour (worn)
Scrolls
 c - a scroll of immolation
 f - a scroll of silence {unknown}
 i - a scroll of identify {unknown}
 j - a scroll of holy word {unknown}
 k - a scroll of teleportation {unknown}
Potions
 d - a potion of might {unknown}
 e - a potion of cancellation {unknown}
 g - 2 potions of degeneration {unknown}
 h - 2 potions of attraction {unknown}


   Skills:
 - Level 2.4 Fighting
 + Level 5.3 Bows
 - Level 2.1 Dodging
 - Level 0.7 Stealth


You had one spell level left.
You didn't know any spells.
Your spell library was empty.

Dungeon Overview and Level Annotations

Branches:
Dungeon (2/15)

Altars:

Annotations:
D:1 Terence


Innate Abilities, Weirdness & Mutations

You have a pair of horns on your head.
You reflexively headbutt those who attack you in melee.


Message History

Press: ? - help, Q - select action Shift-Dir - straight line, f - Terence
Aim: Terence, wielding a +0 mace and wearing a +0 scale mail (heavily wounded, 65% to hit)
You shoot an arrow. The arrow barely misses Terence.
Terence misses you.
Shoot: a) +1 shortbow
Press: ? - help, Q - select action Shift-Dir - straight line, f/p - Terence
Aim: Terence, wielding a +0 mace and wearing a +0 scale mail (heavily wounded, 65% to hit)
You shoot an arrow. The arrow closely misses Terence.
Terence hits you with a +0 mace.
* * * LOW HITPOINT WARNING * * *
Unknown command.
Shoot: a) +1 shortbow
Press: ? - help, Q - select action Shift-Dir - straight line, f/p - Terence
Aim: Terence, wielding a +0 mace and wearing a +0 scale mail (heavily wounded, 65% to hit)
You shoot an arrow.
The arrow hits Terence but does no damage.
Terence is heavily wounded.
Terence hits you with a +0 mace.
* * * LOW HITPOINT WARNING * * *
Unknown command.
Shoot: a) +1 shortbow
Press: ? - help, Q - select action Shift-Dir - straight line, f/p - Terence
Aim: Terence, wielding a +0 mace and wearing a +0 scale mail (heavily wounded, 65% to hit)
You shoot an arrow. The arrow hits Terence.
Terence is severely wounded.
Terence closely misses you. Terence misses you.
Unknown command.
Shoot: a) +1 shortbow
Press: ? - help, Q - select action Shift-Dir - straight line, f/p - Terence
Aim: Terence, wielding a +0 mace and wearing a +0 scale mail (severely wounded, 65% to hit)
You shoot an arrow. The arrow barely misses Terence.
Terence closely misses you.
Unknown command.
Shoot: a) +1 shortbow
Press: ? - help, Q - select action Shift-Dir - straight line, f/p - Terence
Aim: Terence, wielding a +0 mace and wearing a +0 scale mail (severely wounded, 65% to hit)
You shoot an arrow. The arrow hits Terence.
Terence is almost dead.
Terence hits you with a +0 mace.
You die...

#...#...#P#...#..####.#.####.#
#.(#############.# ##.## #.#
#................# #.# ###
#...########..#..# ### #.###
#......# ###
###.#########......#### ###
#|# #..........##.........#
#.####.
#.###.####.##..@...####
##.##.#
#.##...........@...####
##.##.##
#.###.##)....####.....#
#.####.# #.#
#.##.............## ##.####.
#.# #.##.....####.##.# ##.####
#.# #.##.....# #....# ##.##.
#.# #.######## ####.# ##.##.#
#.# #.### #.## ##.##.## #.#
#...# #..###.##.### #.#####.#
#..##.####.##


You could see Terence.

Vanquished Creatures
  2 bats (D:1)
  2 endoplasms (D:1)
  3 giant cockroaches (D:1)
  2 goblins (D:1)
  2 hobgoblins (D:1)
  A kobold (D:1)
  3 ball pythons (D:1)
  A frilled lizard (D:1)
  2 rats
18 creatures vanquished.

Notes
Turn   | Place    | Note
-------+----------+-------------------------------------------
     0 | D:1      | gruber the Minotaur Hunter began the quest for the Orb.
     0 | D:1      | Reached XP level 1. HP: 18/18 MP: 0/0
   246 | D:1      | Reached XP level 2. HP: 25/25 MP: 1/1
   285 | D:1      | Found a faded altar of an unknown god.
   290 | D:1      | Reached skill level 5 in Bows
   885 | D:2      | Noticed Terence
   892 | D:1      | HP: 1/25 [Terence/+0 mace (5)]
   895 | D:1      | Slain by Terence

Illustrated notes

Levels and vault maps discovered:
D:1:      nagdon_arrival_zigzag_paths, layout_loops_ring,
          shapermc_ecumenical_altar_mp_urbaneastern
D:2:      layout_basic, serial_shops, nicolae_shop_waterfront,
          patterned_corridor, uniq_terence, uniq_natasha

Skill      XL: |  1  2 |
---------------+-------+-----
Bows           | 5 |  5.3
Fighting       | |  2.4
Dodging        | |  2.1
Stealth        | |  0.7

Action                   || total
-------------------------++-------
 Fire: Shortbow          ||    46
Armor: Leather armour    ||     4
Dodge: Dodged            ||    13

Table legend: (Time is in decaauts)
 A = Elapsed time spent in this place.
 B = Non-inter-level travel time spent in this place.
 C = Inter-level travel time spent in this place.
 D = Time resting spent in this place.
 E = Time spent auto-exploring this place.
 F = Levels seen in this place.
 G = Mean time per level.
                   A        B        C        D        E       F      G
               +--------+--------+--------+--------+--------+-----+--------+
         Total |    907 |    880 |     27 |      0 |    786 |   2 |  453.5 |
       Dungeon |    907 |    880 |     27 |      0 |    786 |   2 |  453.5 |
               +--------+--------+--------+--------+--------+-----+--------+

Top non-repeatable levels by time:
     D:1: 901 daAuts
     D:2: 6 daAuts
